 Dungeon Crawl Stone Soup version 0.18.1-50-g88ac8fd (webtiles) character file.

4 ololoev the Firebug (level 1, 5/10 HPs)
             Began as a Deep Elf Fire Elementalist on Oct 26, 2016.
             Quit the game on level 1 of the Dungeon.
             The game lasted 00:00:40 (69 turns).

ololoev the Firebug (Deep Elf Fire Elementalist)      Turns: 69, Time: 00:00:41

Health: 5/10       AC:  2    Str:  5    XL:     1   Next: 58%
Magic:  1/6        EV: 13    Int: 19    God:
Gold:   0          SH:  0    Dex: 15    Spells: 1 memorised, 5 levels left

rFire  . . .     SeeInvis .     (no weapon)
rCold  . . .     Gourm    .     a - +0 robe
rNeg   . . .     Faith    .     (no shield)
rPois  .         Spirit   .     (no helmet)
rElec  .         Dismiss  .     (no cloak)
rCorr  .         Reflect  .     (no gloves)
SustAt .         Harm     .     (no boots)
MR     .....                    (no amulet)
Stlth  ++........               (no ring)
                                (no ring)

@: not resistant to hostile enchantments, unstealthy
A: no striking features
a: no special abilities

Inventory:

Armour
 a - a +0 robe (worn)
Scrolls
 d - a scroll of teleportation {unknown}
 e - a scroll of identify {unknown}
Books
 b - a book of Flames

   Spells                             Type                      Level
   a - Flame Tongue                   Conjuration/Fire             1
   b - Throw Flame                    Conjuration/Fire             2
   c - Conjure Flame                  Conjuration/Fire             3
   d - Inner Flame                    Hexes/Fire                   3
   e - Sticky Flame                   Conjuration/Fire             4
   f - Fireball                       Conjuration/Fire             5
Comestibles
 c - a bread ration


   Skills:
 - Level 2.4 Dodging
 - Level 2.4 Stealth
 + Level 3.1 Spellcasting
 + Level 1.4 Conjurations
 + Level 3.4 Fire Magic


You had 5 spell levels left.
You knew the following spells:

 Your Spells              Type           Power        Failure   Level  Hunger
a - Flame Tongue          Conj/Fire      ##...        8%          1    None


You were on level 1 of the Dungeon.
You were not hungry.

You visited 1 branch of the dungeon, and saw 2 of its levels.

##### ##...##
# ##.....##
....#.......##
#...h@w....#
#.....h....#
#..........#
....#.......##
#.# ##....)##
# ##...##
##... ####

Notes
Turn   | Place    | Note
--------------------------------------------------------------
     0 | D:1      | ololoev the Deep Elf Fire Elementalist began the quest for the Orb.
     0 | D:1      | Reached XP level 1. HP: 10/10 MP: 6/6
    69 | D:1      | Quit the game

Dungeon Overview and Level Annotations

Branches:
Dungeon (2/15)

Altars:


Message History

The flame tongue hits the kobold.
The kobold is moderately wounded.
The kobold hits you with a club.
Casting: Flame Tongue
Confirm with . or Enter, or press ? or * to list all spells.
Aiming: Flame Tongue
Press: ? - help, Shift-Dir - straight line, f/p - kobold
Aim: a kobold, wielding a club (moderately wounded)
The flame tongue hits the kobold.
You kill the kobold!
Found a thick steel amulet.
e - a scroll labeled WYT AGIAWN
f - a thick steel amulet Put on which piece of jewellery? (? for menu, Esc to quit)
You feel your power drawn to a protective spirit.
f - an amulet of guardian spirit (around neck)
Your magical contamination has completely faded away.
There is a stone staircase leading up here.
Drop what? 6/52 slots (_ for help) (? for menu, Esc to quit)
You remove your amulet of guardian spirit.
You drop an uncursed amulet of guardian spirit.
You climb upwards.
A bat, a rat and a goblin come into view.
Found a dagger.
There is a stone staircase leading down here.
Casting: Flame Tongue
Confirm with . or Enter, or press ? or * to list all spells.
Aiming: Flame Tongue
Press: ? - help, Shift-Dir - straight line, f - goblin
Aim: a goblin (resting)
The flame tongue hits the goblin.
The goblin is moderately wounded.
The goblin shouts!
The teleport trap disappears.
The bat disappears!
The goblin hits you.
You climb downwards.
There is a stone staircase leading up here.
You see here an uncursed amulet of guardian spirit.
The goblin hits you but does no damage. The goblin misses you.
Casting: Flame Tongue
Confirm with . or Enter, or press ? or * to list all spells.
Aiming: Flame Tongue
Press: ? - help, Shift-Dir - straight line, f - goblin
Aim: a goblin (moderately wounded)
The flame tongue hits the goblin.
The goblin is severely wounded.
The goblin closely misses you.
Found a stone staircase leading down.
Found a stone staircase leading up.
There is a stone staircase leading down here.
Casting: Flame Tongue
Confirm with . or Enter, or press ? or * to list all spells.
Aiming: Flame Tongue
Press: ? - help, Shift-Dir - straight line, f/p - goblin
Aim: a goblin (heavily wounded)
You miscast Flame Tongue.
You are very lightly contaminated with residual magic.
Strange energies run through your body. The goblin closely misses you.
There is a stone staircase leading up here.
Found a stone staircase leading down.
Casting: Flame Tongue
Confirm with . or Enter, or press ? or * to list all spells.
Aiming: Flame Tongue
Press: ? - help, Shift-Dir - straight line, f/p - goblin
Aim: a goblin (heavily wounded)
The flame tongue hits the goblin.
You kill the goblin!
You see here a goblin corpse.
There is a stone staircase leading up here.
You climb upwards.
The jackal barks!
A jackal and a dart slug come into view.
The jackal barks!
The jackal closely misses you. The jackal completely misses you.
The jackal closely misses you. The dart slug closely misses you.
Your magical contamination has completely faded away.
Found a whip.
There is a stone staircase leading down here.
Are you sure you want to abandon this character and quit the game? (Confirm with "yes".)

You could see a dart slug and 2 jackals.

Vanquished Creatures
  A giant gecko (D:2)
  A goblin (D:2)
  A kobold (D:2)
3 creatures vanquished.

Action                   || total
-------------------------++-------
 Cast: Flame Tongue      ||     8
Armor: Robe              ||     1
Dodge: Dodged            ||     8

Vault maps used:
D:1:      shiori_arrival_maze
D:2:      gammafunk_temple_overflow_statue, grunt_temple_overflow_open,
          first_bread
